 Dungeon Crawl Stone Soup version 0.26-a0-958-gf3041fb45f (webtiles) character file.

Game seed: 3871524265023656960

198 miscthings the Chiller (level 5, -5/35 HPs)
             Began as a Mummy Ice Elementalist on Dec 1, 2020.
             Slain by an orc warrior
             ... wielding a +0 trident
              (8 damage)
             ... on level 3 of the Dungeon.
             The game lasted 00:08:40 (2214 turns).

miscthings the Chiller (Mummy Ice Elementalist)     Turns: 2214, Time: 00:08:40

Health: -5/35      AC:  2    Str: 11    XL:     5   Next: 47%
Magic:  9/11       EV: 12    Int: 15    God:
Gold:   165        SH:  0    Dex: 13    Spells: 4/12 levels left

rFire    x . .     SeeInvis .   i - +5 dagger (venom)
rCold    + . .     Faith    .   (no shield)
rNeg     + + +     Spirit   .   a - +0 robe
rPois    ∞         Reflect  .   (no helmet)
rElec    .         Harm     .   (no cloak)
rCorr    +         Rampage  .   (no gloves)
MR       .....                  (no boots)
Stlth    ++........             (no amulet)
HPRegen  0.11/turn              g - ring of resist corrosion
MPRegen  0.12/turn              (no ring)

@: no status effects
A: no potions, fire vulnerability, cold resistance 1, negative energy resistance
3, torment resistance, unbreathing
a: no special abilities


You were on level 3 of the Dungeon.
You visited 1 branch of the dungeon, and saw 3 of its levels.

You collected 165 gold pieces.

Inventory:

Hand Weapons
 i - a +5 dagger of venom (weapon)
Armour
 a - a +0 robe (worn)
Jewellery
 g - a ring of resist corrosion (left hand)
Wands
 h - a wand of polymorph (1)
Scrolls
 b - a scroll of fog {unknown}
 c - a scroll of immolation {unknown}
 d - a scroll of remove curse {unknown}
 e - a scroll of enchant weapon {unknown}
 f - 2 scrolls of identify {unknown}
 j - a scroll of blinking {unknown}


   Skills:
 - Level 1.5 Dodging
 - Level 1.5 Stealth
 - Level 4.0 Spellcasting
 + Level 5.2 Ice Magic


You had 4 spell levels left.
You knew the following spells:

 Your Spells              Type           Power        Failure   Level
a - Frozen Ramparts       Ice            ###...       6%          3
d - Summon Ice Beast      Ice/Summ       ##......     52%         4
e - Freeze                Ice            ###.         1%          1

Your spell library contained the following spells:

 Spells                   Type           Power        Failure   Level
 Ozocubu's Armour         Ice            ###.....     6%          3
 Hailstorm                Conj/Ice       ##......     52%         4


Dungeon Overview and Level Annotations

Branches:
Dungeon (3/15)

Altars:


Innate Abilities, Weirdness & Mutations

You do not drink.
Your flesh is vulnerable to fire.
You are immune to poison.
Your flesh is cold resistant. (rC+)
You are immune to negative energy. (rN+++)
You are immune to unholy pain and torment.
You can survive without breathing.


Message History

The orc warrior closely misses you.
Casting: Freeze (safe; 1% risk of failure)
Confirm with . or Enter, or press ? or * to list all spells.
Casting: Frozen Ramparts (dangerous; 6% risk of failure)
Press: ? - help, Dir - look around The walls around you are covered in ice.
The wall freezes the orc warrior.
The orc warrior hits you from afar with a +0 trident!
* * * LOW HITPOINT WARNING * * *
The wall freezes the orc warrior.
The wall freezes the orc warrior.
The wall freezes the orc warrior.
The wall freezes the orc warrior.
You see here a club.
Things that are here:
a +0 robe; a +0 dagger The frozen ramparts melt away.
There is a stone staircase leading up here.
The orc warrior hits you from afar with a +0 trident!
You die...

##############
#............#
#........)...#
#........♣...♣##
####.........?....#
##............o.@...#
... #..............#
# ####[####..♣..##
#########).##.....##
........<#.##....##
########.........#
....<...>..$#....#
##########.#######
#.#


You could see an orc warrior.

Vanquished Creatures
  Ijyb (D:3)
  An orc wizard (D:3)
  5 adders
  2 worms (D:2)
  A dart slug (D:3)
  2 leopard geckos
  An orc (D:2)
  A ball python (D:2)
  16 giant cockroaches
  2 hobgoblins
  5 jackals
  3 quokkas
  12 bats
  5 frilled lizards
  11 goblins
  6 kobolds
  14 rats
88 creatures vanquished.

Vanquished Creatures (others)
  A giant cockroach (D:2)
1 creature vanquished.

Grand Total: 89 creatures vanquished

Notes
Turn   | Place    | Note
-------+----------+-------------------------------------------
     0 | D:1      | miscthings the Mummy Ice Elementalist began the quest for
                  | the Orb.
     0 | D:1      | Reached XP level 1. HP: 13/13 MP: 4/4
   365 | D:1      | Reached XP level 2. HP: 19/19 MP: 2/5
   649 | D:1      | Reached skill level 4 in Ice Magic
   864 | D:1      | Reached XP level 3. HP: 21/24 MP: 5/7
   930 | D:1      | Learned a level 3 spell: Frozen Ramparts
  1263 | D:2      | Reached XP level 4. HP: 23/30 MP: 4/8
  1526 | D:3      | Noticed an orc warrior
  1690 | D:2      | Learned a level 4 spell: Summon Ice Beast
  1921 | D:3      | Reached XP level 5. HP: 35/35 MP: 6/10
  2012 | D:3      | Reached skill level 5 in Ice Magic
  2028 | D:3      | Noticed Ijyb
  2039 | D:3      | Killed Ijyb
  2214 | D:3      | Slain by an orc warrior

Illustrated notes

Levels and vault maps discovered:
D:1:      dpeg_arrival_ratfight, layout_loops_cross, hangedman_decor_push
D:2:      minmay_roachtagon, layout_basic
D:3:      layout_rooms, grunt_ministairs_1, minmay_bisected, uniq_ijyb

Skill      XL: |  1  2  3  4  5 |
---------------+----------------+-----
Ice Magic      | 4 5 |  5.2
Spellcasting   | 3 4 |  4.0
Dodging        | |  1.5
Stealth        | |  1.5

Action                   |  1- 3 |  4- 6 || total
-------------------------+-------+-------++-------
Melee: Unarmed           |    17 |       ||    17
       Club              |    29 |    29 ||    58
       Dagger            |       |     7 ||     7
 Cast: Freeze            |    37 |     5 ||    42
       Frozen Ramparts   |     7 |    12 ||    19
 Stab: Sleeping          |     2 |     1 ||     3
Armor: Robe              |    30 |    13 ||    43
Dodge: Dodged            |    76 |    46 ||   122

Table legend: (Time is in decaauts)
 A = Elapsed time spent in this place.
 B = Non-inter-level travel time spent in this place.
 C = Inter-level travel time spent in this place.
 D = Time resting spent in this place.
 E = Time spent auto-exploring this place.
 F = Levels seen in this place.
 G = Mean time per level.
                   A        B        C        D        E       F      G
               +--------+--------+--------+--------+--------+-----+--------+
         Total |   2232 |   2098 |    134 |    607 |    946 |   3 |  744.0 |
       Dungeon |   2232 |   2098 |    134 |    607 |    946 |   3 |  744.0 |
               +--------+--------+--------+--------+--------+-----+--------+

Top non-repeatable levels by time:
     D:1: 955 daAuts
     D:2: 950 daAuts
     D:3: 326 daAuts
